 Dungeon Crawl Stone Soup version 0.30-a0-737-gf23d94013f (console) character file.

Game seed: 1601001619023096029

732 rlgrobin the Magician (level 8, -7/50 HPs)
             Began as a Djinni Necromancer on Feb 2, 2023.
             Was a Believer of Makhleb.
             Killed from afar by a white imp (12 damage)
             ... with a puff of frost
             ... on level 5 of the Dungeon.
             The game lasted 00:11:29 (3422 turns).

rlgrobin the Magician (Djinni Necromancer)          Turns: 3422, Time: 00:11:29

Health: -7/50      AC:  3    Str:  7    XL:     8   Next: 3%
Gold:   129        EV: 12    Int: 19    God:    Makhleb [**....] SH:  0 Dex: 14

rFire   + + .      SeeInvis .    i - +0 dagger
rCold   x . .      Faith    .    (no shield)
rNeg    . . .      Spirit   .    a - +0 robe
rPois   ∞          Reflect  .    (no helmet)
rElec   .          Harm     .    (no cloak)
rCorr   .          Rampage  .    q - +0 pair of gloves
Will    .....                    (boots unavailable)
Stlth   ++                       (no amulet)
HPRegen 0.28/turn                (no ring)
MPRegen 0.00/turn                (no ring)

@: flying
A: sickness immunity, fire resistance 2, cold vulnerability 1, float, innate
caster, HP casting, extra vitality 1
a: Renounce Religion, Minor Destruction


You were on level 5 of the Dungeon.
You worshipped Makhleb.
Makhleb was pleased with you.
You visited 1 branch of the dungeon, and saw 5 of its levels.

You collected 129 gold pieces.

Inventory:

Hand Weapons
 i - a +0 dagger (weapon)
Missiles
 p - 2 throwing nets
Armour
 a - a +0 robe (worn)
 q - a +0 pair of gloves (worn)
Scrolls
 g - a scroll of enchant weapon {unknown}
 h - 7 scrolls of teleportation {unknown}
 k - 2 scrolls of amnesia {unknown}
 m - a scroll of blinking {unknown}
 n - a scroll of poison {unknown}
 o - a scroll of noise {unknown}
Potions
 b - a potion of magic
 c - 2 potions of attraction {unknown}
 d - 3 potions of haste {unknown}
 e - a potion of cancellation {unknown}
 f - a potion of resistance {unknown}
 j - a potion of invisibility {unknown}
 l - a potion of mutation {unknown}
 r - 2 potions of degeneration {unknown}
 s - 3 potions of curing {unknown}
 t - a potion of ambrosia {unknown}
 u - a potion of might {unknown}
 v - 2 potions of heal wounds {unknown}


   Skills:
 - Level 2.1 Dodging
 - Level 1.5 Stealth
 + Level 7.2 Spellcasting


You had 3 spell levels left.
You knew the following spells:

 Your Spells              Type           Power      Damage    Failure   Level
a - Necrotise             Necr           100%       1d9       1%          1
b - Vampiric Draining     Necr           34%        2d8       1%          3
c - Animate Dead          Necr           34%        N/A       4%          4
d - Agony                 Necr           34%        N/A       14%         5
e - Kiss of Death         Conj/Necr      100%       2d13      1%          1
f - Blink                 Tloc           68%        N/A       1%          2
g - Wereblood             Tmut           34%        N/A       1%          2
Your spell library was empty.

Dungeon Overview and Level Annotations

Branches:
Dungeon (5/15)
 Temple: D:4-7

Altars:
Makhleb
Uskayaw

Shops:
D:1 :


Innate Abilities, Weirdness & Mutations

You are immune to sickness and miasma.
You are immune to poison.
Your flesh is very heat resistant. (rF++)
You are vulnerable to cold. (rC-)
You float through the air rather than walking.
You learn spells naturally, not from books.
Your magical power is your life essence.
You have superior vitality. (+4 MHP)


Message History

Your hound skeleton barely misses the white imp.
The white imp hits you.
* * * LOW HITPOINT WARNING * * *
The white imp freezes you.
You feel a terrible chill!
* * * LOW HITPOINT WARNING * * *
Casting: Necrotise (safe; 1% risk of failure)
Confirm with . or Enter, or press ? or * to list all spells.
Okay, then.
You closely miss the white imp.
Your hound skeleton bites the white imp but does no damage.
The white imp misses you.
Your hound skeleton closely misses the white imp.
You barely miss the white imp.
The white imp lashes its tail.
The white imp misses you.
Your hound skeleton completely misses the white imp.
You hit the white imp but do no damage.
Your hound skeleton misses the white imp.
The white imp gestures at you. The puff of frost misses you.
You hit the white imp.
The white imp is lightly wounded.
Your hound skeleton bites the white imp but does no damage.
The white imp hits you but does no damage.
Your hound skeleton barely misses the white imp.
You hit the white imp but do no damage.
The white imp is lightly wounded.
The white imp closely misses you.
Your hound skeleton bites the white imp.
You hit the white imp but do no damage.
The white imp is moderately wounded.
The white imp gestures at you. The puff of frost misses you.
Your hound skeleton bites the white imp but does no damage.
You closely miss the white imp.
The white imp is moderately wounded.
Your hound skeleton bites the white imp but does no damage.
The white imp gestures at you. The puff of frost hits you!
You feel a terrible chill!
You die...

.....^............##.#..n
.....................###.
..............#....## #..
..............#...>.#....
#................#.
##.#..............n
#.#..............§
##5#...............
##Z@#...............
####..##..<.......<....
#....###...............
#.#### #...............
#.# #............... ##.#
####.........# #..#
#.##...>..# #.####
#..(.####.#
#....#######..### #


You could see a white imp (ally target) and a friendly hound skeleton.

Vanquished Creatures
  Sigmund (D:5)
  An ogre (D:4)
  A scorpion (D:4)
  3 hounds
  3 orc priests (D:3)
  3 iguanas
  3 gnolls (D:3)
  5 adders
  4 worms
  3 dart slugs
  3 orcs
  4 bats
  5 endoplasms
  2 giant cockroaches (D:3)
  3 goblins
  4 hobgoblins
  3 jackals (D:2)
  2 quokkas (D:1)
  6 ball pythons
  7 frilled lizards
  6 kobolds
  8 rats
80 creatures vanquished.

Vanquished Creatures (collateral kills)
  An iguana (D:4)
  An orc (D:4)
  A ball python (D:3)
3 creatures vanquished.

Grand Total: 83 creatures vanquished

Notes
Turn   | Place    | Note
-------+----------+-------------------------------------------
     0 | D:1      | rlgrobin the Djinni Necromancer began the quest for the
                  | Orb.
     0 | D:1      | rlgrobin set off with the following spells memorised:
                  | Necrotise, Vampiric Draining, Animate Dead, Agony.
     0 | D:1      | Reached XP level 1. HP: 15/15 MP: 0/0
    27 | D:1      | Found Daucs's Book Emporium.
   162 | D:1      | Reached XP level 2. HP: 16/21 MP: 0/0
   859 | D:2      | Reached XP level 3. HP: 20/25 MP: 0/0
   859 | D:2      | Learned a level 1 spell: Kiss of Death
   992 | D:2      | Reached skill level 4 in Spellcasting
  1063 | D:2      | Found a faded altar of an unknown god.
  1079 | D:2      | Prayed at the altar of an unknown god.
  1079 | D:2      | Became a worshipper of Makhleb the Destroyer
  1079 | D:2      | Reached * piety under Makhleb
  1251 | D:2      | Reached XP level 4. HP: 28/31 MP: 0/0
  1577 | D:3      | Reached XP level 5. HP: 28/35 MP: 0/0
  1577 | D:3      | Learned a level 2 spell: Blink
  1705 | D:3      | Reached skill level 5 in Spellcasting
  1898 | D:3      | Reached ** piety under Makhleb
  1921 | D:3      | Reached XP level 6. HP: 28/40 MP: 0/0
  2608 | D:4      | Reached skill level 6 in Spellcasting
  2655 | D:4      | Reached XP level 7. HP: 45/45 MP: 0/0
  2655 | D:4      | Learned a level 2 spell: Wereblood
  3256 | D:5      | Entered Level 5 of the Dungeon
  3256 | D:5      | Noticed Sigmund
  3262 | D:5      | Killed Sigmund
  3263 | D:5      | Reached skill level 7 in Spellcasting
  3274 | D:5      | Found a hide-covered altar of Uskayaw.
  3410 | D:5      | Reached XP level 8. HP: 38/50 MP: 0/0
  3422 | D:5      | Killed from afar by a white imp

Illustrated notes

Levels and vault maps discovered:
D:1:      nicolae_arrival_somewhat_less_tricky_arrival, layout_rooms,
          serial_shops, nicolae_shop_window_shopping
D:2:      layout_loops_ring, shapermc_ecumenical_altar_mp_highgroup
D:3:      layout_basic, st_stairs_3, nicolae_underground_beach
D:4:      layout_rooms, old_standard_altar, minivault_1, grunt_ministairs_14,
          minivault_26, minmay_splitting_lines, hangedman_decor_diamond_cutter
D:5:      layout_rooms, lemuel_blue_sif_altar,
          mainiacjoe_overflow_catwalk_spiral, st_stairs_1, uniq_sigmund

Skill      XL: |  1  2  3  4  5  6  7 |
---------------+----------------------+-----
Spellcasting   | 4 5 6 7 |  7.2
Dodging        | |  2.1
Stealth        | |  1.5

Action                     |  1- 3 |  4- 6 |  7- 9 || total
---------------------------+-------+-------+-------++-------
  Melee: Dagger            |     1 |       |    13 ||    14
   Cast: Necrotise         |    67 |   100 |    35 ||   202
         Animate Dead      |       |     1 |       ||     1
         Blink             |       |       |     3 ||     3
         Vampiric Draining |       |       |     1 ||     1
 Armour: Robe              |     3 |     3 |     4 ||    10
  Dodge: Dodged            |    15 |     4 |    26 ||    45

Table legend: (Time is in decaauts)
 A = Elapsed time spent in this place.
 B = Non-inter-level travel time spent in this place.
 C = Inter-level travel time spent in this place.
 D = Time resting spent in this place.
 E = Time spent auto-exploring this place.
 F = Levels seen in this place.
 G = Mean time per level.
                   A        B        C        D        E       F      G
               +--------+--------+--------+--------+--------+-----+--------+
         Total |   3423 |   3192 |    231 |    528 |   2012 |   5 |  684.6 |
       Dungeon |   3423 |   3192 |    231 |    528 |   2012 |   5 |  684.6 |
               +--------+--------+--------+--------+--------+-----+--------+

Top non-repeatable levels by time:
     D:3: 892 daAuts
     D:2: 873 daAuts
     D:4: 791 daAuts
     D:1: 728 daAuts
     D:5: 137 daAuts
